 Dungeon Crawl Stone Soup version 0.21-a0-625-g1119ec1 (webtiles) character file.

116 Charly the Chopper (level 4, -2/41 HPs)
             Began as a Minotaur Berserker on Dec 24, 2017.
             Was a Believer of Trog.
             Slain by a hobgoblin (5 damage)
             ... led by Robin
             ... on level 3 of the Dungeon.
             The game lasted 00:02:09 (143 turns).

Charly the Chopper (Minotaur Berserker)              Turns: 143, Time: 00:02:10

Health: -2/41      AC:  2    Str: 22    XL:     4   Next: 70%
Magic:  3/3        EV: 12    Int:  4    God:    Trog [**....]
Gold:   0          SH:  0    Dex: 10    Spells: 3/3 levels left

rFire    . . .     SeeInvis .   a - +0 hand axe
rCold    . . .     Gourm    .   (no shield)
rNeg     . . .     Faith    .   b - +0 animal skin
rPois    +         Spirit   .   (helmet restricted)
rElec    .         Reflect  .   (no cloak)
rCorr    .         Harm     .   (no gloves)
MR       .....                  (no boots)
Stlth    +.........             (no amulet)
HPRegen  0.13/turn              d - ring of poison resistance
MPRegen  0.08/turn              (no ring)

@: berserk cooldown, slowed, very slow
A: retaliatory headbutt, horns 2
a: Berserk, Trog's Hand, Burn Spellbooks, Renounce Religion


You were on level 3 of the Dungeon.
You worshipped Trog.
Trog was pleased with you.
You were not hungry.

You visited 1 branch of the dungeon, and saw 3 of its levels.

Inventory:

Hand Weapons
 a - a +0 hand axe (weapon)
Armour
 b - a +0 animal skin (worn)
Jewellery
 d - a ring of poison resistance (left hand)
Comestibles
 c - 2 rations


   Skills:
 + Level 4.8 Fighting
 * Level 5.8 Axes
 - Level 2.4 Armour
 - Level 2.1 Dodging


You had 3 spell levels left.
You didn't know any spells.

Dungeon Overview and Level Annotations

Branches:
Dungeon (3/15)

Altars:


Innate Abilities, Weirdness & Mutations

You reflexively headbutt those who attack you in melee.
You have a pair of horns on your head.


Message History

Unknown command.
Drop what? 4/52 slots (_ for help) (? for menu, Esc to quit)
Okay, then.
The adder hisses angrily.
You hit the orc.
The orc is severely wounded.
You hit the rat.
You kill the rat!
Trog accepts your kill.
You barely miss the hobgoblin. The orc hits you but does no damage.
The hobgoblin hits you with a club.
* * * LOW HITPOINT WARNING * * *
Unknown command.
You hit the orc.
You kill the orc!
Trog accepts your kill.
You can now call upon Trog for regeneration and protection from hostile enchantments.
You barely miss the hobgoblin. x2; The hobgoblin barely misses you.
The hobgoblin hits you.
You die...

....... .. ... #..##[#
....#..... #..####..#.#
..........# ..#........#
.. .....#.. ..#.........
... $.....##.##.........
....##...##..##.........
#......................
...#....).)####.........
#.....†@)..####........#
..##.og)g...............
.......o.....##........#
.###g......#..#........#
#g##.#####...#.######
#.g #.. ###...# .. ###
#.### #.. #.# ...


You could see a gnoll, 2 orcs, 2 hobgoblins and 2 goblins.

Vanquished Creatures
  An orc priest (D:3)
  Robin (D:3)
  3 gnolls (D:3)
  An adder (D:3)
  A worm (D:3)
  7 orcs (D:3)
  A giant cockroach (D:3)
  9 goblins (D:3)
  A hobgoblin (D:3)
  2 bats (D:2)
  A frilled lizard (D:3)
  A kobold (D:2)
  A rat (D:3)
30 creatures vanquished.

Notes
Turn   | Place    | Note
-------+----------+-------------------------------------------
     0 | D:1      | Charly the Minotaur Berserker began the quest for the Orb.
     0 | D:1      | Reached XP level 1. HP: 19/19 MP: 0/0
    56 | D:3      | Noticed an orc priest
    65 | D:3      | Reached skill level 4 in Axes
    67 | D:3      | Killed an orc priest
    67 | D:3      | Reached XP level 2. HP: 6/27 MP: 1/1
    67 | D:3      | Reached XP level 3. HP: 8/33 MP: 2/2
    68 | D:3      | Reached skill level 5 in Axes
   120 | D:3      | Noticed Robin
   126 | D:3      | Reached XP level 4. HP: 16/41 MP: 3/3
   135 | D:3      | Killed Robin
   143 | D:3      | Reached ** piety under Trog
   143 | D:3      | Slain by a hobgoblin

Vault maps used:
D:1:      eino_arrival_cavern_b
D:2:      nicolae_gozag_seed_capital, uniq_natasha
D:3:      first_ration, gup_sewer_entry_spiral, uniq_sigmund, uniq_robin

Skill      XL: |  1  2  3 |
---------------+----------+-----
Axes           | 4 5 |  5.8
Fighting       | 4 |  4.8
Armour         | |  2.4
Dodging        | |  2.1

Action                   |  1- 3 |  4- 6 || total
-------------------------+-------+-------++-------
Melee: Hand axe          |    24 |    15 ||    39
       Headbutt          |     5 |     5 ||    10
Invok: Berserk           |     2 |       ||     2
Armor: Animal skin       |     9 |     2 ||    11
Dodge: Dodged            |    18 |     9 ||    27

Table legend:
 A = Spawn XP
 B = Non-spawn XP
 C = Spawn XP percentage of total XP
 D = Spawn monster count
 E = Non-spawn monster count
 F = Spawn count percentage of total count
 G = Total turns spent on level
                    A         B        C        D         E        F      G
               +---------+---------+-------+---------+---------+-------+---------
         Total |       0 |     167 |   0.0 |       0 |      30 |   0.0 |   143
               +---------+---------+-------+---------+---------+-------+---------
           D:2 |       0 |       4 |   0.0 |       0 |       3 |   0.0 |    27
           D:3 |       0 |     163 |   0.0 |       0 |      27 |   0.0 |    74
               +---------+---------+-------+---------+---------+-------+---------
